 Dungeon Crawl Stone Soup version 0.30-a0-782-ge64f9170bb (webtiles) character file.

Game seed: 6952210992120424123

20 Esekla the Sneak (level 2, 21/21 HPs)
             Began as an Octopode Delver on Feb 19, 2023.
             Quit the game on level 5 of the Dungeon.
             The game lasted 00:02:33 (131 turns).

Esekla the Sneak (Octopode Delver)                   Turns: 131, Time: 00:02:34

Health: 21/21      AC:  1    Str: 17    XL:     2   Next: 79%
Magic:  2/2        EV: 13    Int: 12    God:
Gold:   0          SH:  0    Dex: 13    Spells: 1/1 levels left

rFire   . . .      SeeInvis .    k - +0 short sword
rCold   . . .      Faith    .    (no shield)
rNeg    . . .      Spirit   .    (helmet restricted)
rPois   .          Reflect  .    (no amulet)
rElec   .          Harm     .    h - +6 ring of strength
rCorr   .          Rampage  .    (no ring)
Will    .....                    (no ring)
Stlth   ++++                     (no ring)
HPRegen 0.23/turn                (no ring)
MPRegen 0.08/turn                (no ring)
                                 (no ring)
                                 (no ring)

@: no status effects
A: almost no armour, amphibious, 8 rings, camouflage 1, gelatinous body 1,
(nimble swimmer 1), tentacles
a: no special abilities


You were on level 5 of the Dungeon.
You visited 1 branch of the dungeon, and saw 1 of its levels.

Inventory:

Hand Weapons
 a - a +0 falchion
 k - a +0 short sword (weapon)
Jewellery
 h - a +6 ring of strength (left tentacle)
Wands
 f - a wand of digging (3)
Scrolls
 b - a scroll of fog
 c - a scroll of amnesia {unknown}
 d - a scroll of fear
 i - a scroll of blinking {unknown}
 j - a scroll of vulnerability {unknown}
Potions
 e - a potion of haste
 g - a potion of lignification {unknown}
 l - a potion of mutation {unknown}


   Skills:
 * Level 3.2 Fighting
 * Level 2.1 Long Blades
 * Level 2.1 Dodging
 + Level 7.0 Stealth
 * Level 0.4 Spellcasting


You had one spell level left.
You didn't know any spells.
Your spell library was empty.

Dungeon Overview and Level Annotations

Branches:
Dungeon (5/15)
 Temple: D:4-7

Altars:
Qazlal
Ru


Innate Abilities, Weirdness & Mutations

You cannot wear most types of armour.
You are amphibious.
You can wear up to eight rings at the same time.
Your skin changes colour to match your surroundings (Stealth+).
Your rubbery body absorbs attacks. (AC +1, EV +1)
((You are camouflaged when in or above water. (Stealth+)))
You have tentacles for arms and can constrict up to eight enemies at once.


Message History

There is an open door here.
i - a scroll labelled XEYDAI IGUEWAK A hound comes into view.
Found a red potion.
Found an escape hatch in the ceiling.
There is an escape hatch in the ceiling here.
An adder comes into view.
The adder hisses angrily.
You hit the adder. You grab the adder.
The adder is lightly wounded.
You constrict the adder. The adder bites you. The adder closely misses you.
You hit the adder.
The adder is heavily wounded.
You constrict the adder. The adder bites you.
You hit the adder.
You kill the adder!
You have reached level 2!
j - a scroll labelled TICZIU LYPADD The orc shouts!
You hear a shout! x3
An orc comes into view. It is wielding a +0 short sword.
The orc shouts!
You hear a shout! x2
You open the door.
An adder comes into view.
You close the door.
The orc misses you.
You slash the orc!
You kill the orc!
You see here a +0 short sword.
k - a +0 short sword
k - a +0 short sword (weapon)
You open the door.
There is an open door here.
Found a murky green potion.
The helpless adder fails to defend itself.
You puncture the adder!
You kill the adder!
Your Stealth skill increases to level 7!
l - a murky green potion You open the door.
Found a stormy altar of Qazlal and a sacrificial altar of Ru.
There is an open door here.
Are you sure you want to abandon this character and quit the game? (Confirm with "yes".)

**,*,****,***,,,,<,,,,,,,,*
****,***,,,,,*,,,,,,,****,*,,*
*,,,,,*,***,,*,,,,,,,* *,*,,*
*,***,,,* *,,*,*,,,,,* *,*,,*
*,**,,,,* *,,,**,,,,.# *,,,,*
*,**,,,,* *,,####,**.# **#.**
*,**,**,* ***#_≈*,**.# #.*
*,**,**,* #.##+##.# *.##
*,,,,,,,* #@'.....# *..#
****,**** #.##...## ##.#
*,**,** #_~#....## ##..#
*,*,,,***#####.....####...##
*,,,,,,,,+.##......'........
*,*,,,***#.........####...##
*,**,** ##.......## ##..#
*,**** ##.....## ***##.#* *,*
##...## *,,,....


There were no monsters in sight!

Vanquished Creatures
  2 adders (D:5)
  An orc (D:5)
3 creatures vanquished.

Notes
Turn   | Place    | Note
-------+----------+-------------------------------------------
     0 | D:5      | Esekla the Octopode Delver began the quest for the Orb.
     0 | D:5      | Reached XP level 1. HP: 16/16 MP: 1/1
    31 | D:5      | Noticed an orc wizard
    47 | D:5      | Noticed a hound
    64 | D:5      | Reached XP level 2. HP: 13/21 MP: 2/2
   114 | D:5      | Reached skill level 7 in Stealth
   129 | D:5      | Found a stormy altar of Qazlal.
   129 | D:5      | Found a sacrificial altar of Ru.
   131 | D:5      | Quit the game

Illustrated notes

Levels and vault maps discovered:
D:5:      minmay_angry_zag, layout_loops_corners,
          gammafunk_temple_overflow_elements

Skill      XL: |  1  2 |
---------------+-------+-----
Stealth        | 7 |  7.0
Fighting       | |  3.2
Long Blades    | |  2.1
Dodging        | |  2.1
Spellcasting   | |  0.4

Action                     || total
---------------------------++-------
  Melee: Falchion          ||     4
         Constrict         ||     1
         Short sword       ||     1
    Use: Scroll            ||     1
   Stab: Sleeping          ||     1
  Dodge: Dodged            ||     2

Table legend: (Time is in decaauts)
 A = Elapsed time spent in this place.
 B = Non-inter-level travel time spent in this place.
 C = Inter-level travel time spent in this place.
 D = Time resting spent in this place.
 E = Time spent auto-exploring this place.
 F = Levels seen in this place.
 G = Mean time per level.
                   A        B        C        D        E       F      G
               +--------+--------+--------+--------+--------+-----+--------+
         Total |    130 |    130 |      0 |      0 |      0 |   1 |  130.0 |
       Dungeon |    130 |    130 |      0 |      0 |      0 |   1 |  130.0 |
               +--------+--------+--------+--------+--------+-----+--------+

Top non-repeatable levels by time:
     D:5: 130 daAuts
